 Dungeon Crawl Stone Soup version 0.27-a0-1202-ge72e49191c (webtiles) character file.

Game seed: 5111815818929939023

171 Strat the Firebug (level 5, -1/44 HPs)
             Began as a Naga Fire Elementalist on June 4, 2021.
             Slain by Menkaure (3 damage)
             ... on level 4 of the Dungeon.
             The game lasted 00:15:11 (4648 turns).

Strat the Firebug (Naga Fire Elementalist)          Turns: 4648, Time: 00:15:12

Health: -1/44      AC:  4    Str: 10    XL:     5   Next: 51%
Magic:  9/9        EV:  9    Int: 17    God:
Gold:   118        SH:  0    Dex: 11    Spells: 2/10 levels left

rFire    . . .     SeeInvis +   b - +0 dagger (venom)
rCold    . . .     Faith    .   (no shield)
rNeg     . . .     Spirit   .   g - +0 robe
rPois    +         Reflect  .   n - +0 helmet
rElec    .         Harm     .   d - +0 cloak
rCorr    .         Rampage  .   (no gloves)
Will     .....                  (no barding)
Stlth    ++........             (no amulet)
HPRegen  0.14/turn              (no ring)
MPRegen  0.11/turn              (no ring)

@: hasted, quick
A: AC +1, large, see invisible, deformed body, poison resistance, slowness 2,
spit poison 1, naga tail 1
a: Spit Poison


You were on level 4 of the Dungeon.
You visited 1 branch of the dungeon, and saw 4 of its levels.

You collected 118 gold pieces.

Inventory:

Hand Weapons
 a - a +0 dagger of speed
 b - a +0 dagger of venom (weapon)
 c - a +0 short sword
 q - a +0 dagger
Missiles
 e - 49 stones
 f - 69 arrows
 m - 52 sling bullets
 o - 5 poisoned darts
Armour
 d - a +0 cloak (worn)
 g - a +0 robe (worn)
 n - a +0 helmet (worn)
 t - a +0 buckler
Jewellery
 s - a ring of protection from cold
Wands
 i - a wand of iceblast (11)
Scrolls
 j - a scroll of immolation
 k - a scroll of magic mapping
Potions
 p - a potion of might {unknown}


   Skills:
 - Level 1.2 Fighting
 - Level 1.5 Dodging
 - Level 3.0 Stealth
 - Level 3.0 Spellcasting
 + Level 3.2 Conjurations
 + Level 4.1 Fire Magic


You had 2 spell levels left.
You knew the following spells:

 Your Spells              Type           Power      Damage    Failure   Level
a - Foxfire               Conj/Fire      60%        2x1d7     3%          1
b - Conjure Flame         Conj/Fire      15%        6-21      12%         3
c - Sticky Flame          Conj/Fire      15%        2d4       36%         4

Your spell library contained the following spells:

 Spells                   Type           Power      Damage    Failure   Level
 Beastly Appendage        Tmut           4%         N/A       17%         1
 Corona                   Hex            2%         N/A       17%         1
 Ensorcelled Hibernation  Hex/Ice        4%         N/A       26%         2
 Wereblood                Tmut           2%         N/A       26%         2
 Inner Flame              Hex/Fire       9%         N/A       22%         3
 Dazzling Flash           Conj/Hex       14%        N/A       26%         3
 Confusing Touch          Hex            2%         N/A       45%         3
 Spider Form              Tmut/Pois      1%         N/A       45%         3
 Tukima's Dance           Hex            2%         N/A       45%         3
 Fireball                 Conj/Fire      7%         3d5       71%         5
 Ice Form                 Ice/Tmut       2%         N/A       86%         4
 Hydra Form               Tmut           1%         N/A       99%         5


Dungeon Overview and Level Annotations

Branches:
Dungeon (4/15)             Temple (0/1) D:4

Altars:
Hepliaklqana
Okawaru
Qazlal

Annotations:
D:4 Menkaure


Innate Abilities, Weirdness & Mutations

Your serpentine skin is tough. (AC +1)
You have supernaturally acute eyesight. (SInv)
Armour fits poorly on your strangely shaped body.
Your system is resistant to poisons. (rPois)
You cover ground very slowly.
You can spit poison.
You have a snake-like lower body.


Message History

Menkaure is moderately damaged.
Unknown command.
Casting: Foxfire (safe; 3% risk of failure)
Confirm with . or Enter, or press ? or * to list all spells.
You miscast Conjure Flame.
You are very lightly contaminated with residual magic.
Nothing appears to happen.
Casting: Conjure Flame (dangerous; 12% risk of failure)
Confirm with . or Enter, or press ? or * to list all spells.
Okay, then.
As you read the scroll labelled CUATAP TOKORPH, it crumbles to dust.
The creatures around you are filled with an inner flame!
It was a scroll of immolation.
Menkaure hits you!!
* * * LOW HITPOINT WARNING * * *
You feel much better. Menkaure hits you but does no damage.
Your magical contamination has completely faded away.
Menkaure closely misses you.
Menkaure casts a spell.
Menkaure seems to speed up.
Menkaure grins.
Menkaure hits you!!
* * * LOW HITPOINT WARNING * * *
Okay, then.
Okay, then.
Menkaure calls on the powers of darkness!
Your body is wracked with pain!
* * * LOW HITPOINT WARNING * * *
Menkaure breathes soot at you. Menkaure hits you.
* * * LOW HITPOINT WARNING * * *
Menkaure's inner flame fades away.
Menkaure casts a spell at you. Pain shoots through your body!
* * * LOW HITPOINT WARNING * * *
Menkaure hits you.
* * * LOW HITPOINT WARNING * * *
Menkaure calls on the powers of darkness!
You feel a surge of unholy energy.
It was a potion of haste.
You feel yourself speed up. Menkaure hits you.
You die...

,,*,,,*,,,,,,,* ##.###
***,,,*******,* #....# *,,,*
*** ##....# *,,,* ##.....#
*,,,* #......# *,,,*
#.#....# *##..,* ##.######
*...,,* ##M.....#
#..,*,##########@.####.#
..,,**#..........## *,*
.#*** #.########## *,* .#
#.#....## *,*
.######.#.....# *,*
........#.....## *,*####
##.######......# *,,...#
...###..##.....### ######.#
.#......*#####...####....#.#


You could see Menkaure (fast).

Vanquished Creatures
  A centaur skeleton (D:4)
  5 adders
  A worm (D:3)
  2 dart slugs
  7 ball pythons
  7 endoplasms
  A giant cockroach (D:4)
  10 goblins
  9 hobgoblins
  12 jackals
  4 quokkas
  7 bats
  7 frilled lizards
  8 kobolds
  A quokka skeleton (D:2)
  4 rats
86 creatures vanquished.

Vanquished Creatures (others)
  220 foxfires
  2 fungi (D:1)
  2 plants (D:1)
224 creatures vanquished.

Grand Total: 310 creatures vanquished

Notes
Turn   | Place    | Note
-------+----------+-------------------------------------------
     0 | D:1      | Strat the Naga Fire Elementalist began the quest for the
                  | Orb.
     0 | D:1      | Reached XP level 1. HP: 15/15 MP: 3/3
   155 | D:1      | Reached XP level 2. HP: 19/22 MP: 0/5
   324 | D:1      | Found a faded altar of an unknown god.
   651 | D:1      | Reached skill level 1 in Fighting
   892 | D:1      | Reached XP level 3. HP: 31/31 MP: 0/6
  1465 | D:1      | Learned a level 3 spell: Conjure Flame
  1894 | D:2      | Reached XP level 4. HP: 38/38 MP: 2/7
  1939 | D:2      | Found a stormy altar of Qazlal.
  2352 | D:2      | Reached skill level 4 in Fire Magic
  3228 | D:3      | Reached XP level 5. HP: 44/44 MP: 5/8
  3234 | D:3      | Learned a level 4 spell: Sticky Flame
  3399 | D:3      | Found an iron altar of Okawaru.
  3946 | D:4      | Found a hazy altar of Hepliaklqana.
  4618 | D:4      | Noticed Menkaure
  4645 | D:4      | HP: 1/44 [Menkaure (4)]
  4648 | D:4      | Slain by Menkaure

Illustrated notes

Levels and vault maps discovered:
D:1:      tarquinn_simple_flora_water_d, layout_loops_ring,
          hellmonk_ecumenical_altar_zigzags
D:2:      layout_basic, basic_altar
D:3:      layout_loops_cross, nicolae_overflow_crystal_walls,
          grunt_ministairs_5, corexii_leaking_fountain
D:4:      layout_rooms, lemuel_round_altar, minmay_temple_entry_statues_pillars,
          serial_co_window_serial, co_window_corner_a, co_window_paths_a,
          co_window_corner_a, co_window_corner_a, co_window_corner_a,
          co_window_paths_a, co_window_corner_a, co_window_cross_3,
          co_window_corner_b, co_window_unsneaky_path_b, co_window_broadway_c,
          co_window_cross_3, glass_columns_c, glass_columns_c, glass_columns_b,
          grunt_ministairs_1, uniq_menkaure

Skill      XL: |  1  2  3  4  5 |
---------------+----------------+-----
Conjurations   | 2 3 |  3.2
Fighting       | 1 |  1.2
Fire Magic     | 4 |  4.1
Spellcasting   | 3 |  3.0
Dodging        | |  1.5
Stealth        | |  3.0

Action                   |  1- 3 |  4- 6 || total
-------------------------+-------+-------++-------
Melee: Dagger            |     5 |    34 ||    39
       Short sword       |    20 |       ||    20
 Cast: Foxfire           |    63 |    72 ||   135
 Abil: Spit Poison       |     2 |     2 ||     4
Evoke: Wand              |       |     1 ||     1
  Use: Scroll            |       |     7 ||     7
       Potion            |       |     2 ||     2
 Stab: Sleeping          |     1 |     1 ||     2
Armor: Robe              |    18 |    23 ||    41
Dodge: Dodged            |    23 |    50 ||    73

Table legend: (Time is in decaauts)
 A = Elapsed time spent in this place.
 B = Non-inter-level travel time spent in this place.
 C = Inter-level travel time spent in this place.
 D = Time resting spent in this place.
 E = Time spent auto-exploring this place.
 F = Levels seen in this place.
 G = Mean time per level.
                   A        B        C        D        E       F      G
               +--------+--------+--------+--------+--------+-----+--------+
         Total |   5818 |   5655 |    163 |    674 |   3486 |   4 | 1454.5 |
       Dungeon |   5818 |   5655 |    163 |    674 |   3486 |   4 | 1454.5 |
               +--------+--------+--------+--------+--------+-----+--------+

Top non-repeatable levels by time:
     D:1: 2144 daAuts
     D:2: 1460 daAuts
     D:3: 1356 daAuts
     D:4: 857 daAuts
